 Dungeon Crawl Stone Soup version 0.18-a0-1797-gc18daef (webtiles) character file.

1143 khekkus the Carver (level 8, -3/64 HPs)
             Began as a Minotaur Fighter on Apr 22, 2016.
             Was a Follower of Okawaru.
             Slain by an orc warrior
             ... wielding a +0 battleaxe
              (16 damage)
             ... on level 6 of the Dungeon.
             The game lasted 00:13:35 (5626 turns).

khekkus the Carver (Minotaur Fighter)               Turns: 5626, Time: 00:13:36

Health: -3/64      AC:  6    Str: 22    XL:     8   Next: 15%
Magic:  7/7        EV: 13    Int: 14    God:    Okawaru [*.....]
Gold:   311        SH: 12    Dex: 15    Spells: 0 memorised, 7 levels left

rFire  . . .     SeeInvis .     a - +1 long sword
rCold  . . .     Gourm    .     b - +0 scale mail
rNeg   . . .     Faith    .     c - +1 shield
rPois  .         Spirit   .     (helmet restricted)
rElec  .         Dismiss  .     (no cloak)
rCorr  .         Reflect  .     (no gloves)
SustAt .         Harm     .     (no boots)
MR     .....                    z - amulet of magic regeneration
Stlth  +.........               q - +5 ring of intelligence
                                i - +3 ring of intelligence

@: agile, not resistant to hostile enchantments, very unstealthy
A: retaliatory headbutt, horns 2
a: Heroism, Renounce Religion


You were on level 6 of the Dungeon.
You worshipped Okawaru.
Okawaru was aware of your devotion.
You were not hungry.

You visited 2 branches of the dungeon, and saw 7 of its levels.

You collected 311 gold pieces.

Inventory:

Hand Weapons
 a - a +1 long sword (weapon)
 s - a +0 blowgun
 u - a +2 hand axe of flaming
 y - a +0 long sword
Armour
 b - a +0 scale mail (worn)
 c - a +1 shield (worn)
 x - the +1 robe of the Mutiny {*Corrode Regen+ Str+4 SInv}
   (You found it on level 5 of the Dungeon)

   It affects your strength (+4).
   It lets you see invisible.
   It increases your rate of regeneration.
   It may corrode you when you take damage.
Jewellery
 i - a +3 ring of intelligence (left hand)
 k - an uncursed ring of teleportation
 q - a +5 ring of intelligence (right hand)
 z - an amulet of magic regeneration (around neck)
Wands
 d - a wand of iceblast (6/15)
 A - a wand of slowing (31/48)
Scrolls
 e - a scroll of magic mapping
 h - a scroll of enchant armour
 p - 2 scrolls of remove curse
 t - a scroll of enchant weapon
 w - 2 scrolls of identify
Potions
 g - 3 potions of brilliance
 l - a potion of cure mutation
 n - a potion of agility
 o - a potion of magic
 r - a potion of invisibility
Books
 B - a book of Necromancy

   Spells                             Type                      Level
   a - Pain                           Necromancy                   1
   b - Animate Skeleton               Necromancy                   1
   c - Vampiric Draining              Necromancy                   3
   d - Regeneration                   Charms/Necromancy            3
   e - Animate Dead                   Necromancy                   4
   f - Control Undead                 Necromancy                   4
Comestibles
 f - 4 bread rations
 j - 2 chunks of flesh
 m - 7 fruits
 v - 3 meat rations


   Skills:
 - Level 3.6 Fighting
 * Level 10.3 Long Blades
 - Level 3.6 Armour
 + Level 6.7 Shields


You had 7 spell levels left.
You didn't know any spells.

Dungeon Overview and Level Annotations

Branches:
Dungeon (6/15)             Temple (1/1) D:5

Altars:
Ashenzari
Cheibriados
Elyvilon
Fedhas
Kikubaaqudgha
Makhleb
Okawaru
Ru
Sif Muna
Xom
Yredelemnul
Zin
The Shining One

Annotations:
D:6 Eustachio


Innate Abilities, Weirdness & Mutations

You reflexively headbutt those who attack you in melee.
You have a pair of horns on your head.


Message History

Eustachio casts a spell.
The orc warrior completely misses you. You furiously retaliate!
You headbutt the orc warrior.
Your shield and scale mail prevent you from hitting the orc warrior.
The orc warrior is moderately wounded.
Eustachio casts a spell.
The orc warrior hits you with a battleaxe!
You hit the orc warrior but do no damage.
The orc warrior is moderately wounded.
Eustachio mumbles some strange words.
Eustachio blinks!
You hit the orc warrior but do no damage.
You headbutt the orc warrior, but do no damage.
The orc warrior is moderately wounded.
The orc warrior hits you with a battleaxe!!
* * * LOW HITPOINT WARNING * * *
You closely miss the orc warrior. Your headbutt misses the orc warrior.
The orc warrior is moderately wounded.
The orc warrior hits you with a battleaxe!
You die...

# #..#..###
#. #.#.....#
#.##.#.....#
..#.......#
......#.....#
###.#.#.....#
.... #.#.###
#.###.###.#.#
#....oo@.@..#
#.###5###.###
#.5 #.# ....
..# ..#.. ###
.......
#...##. ## #
#.


You could see Eustachio, an orc warrior, a crimson imp and an orc.

Vanquished Creatures
  A sky beast (D:5)
  2 ogres (D:6)
  A phantom (D:4)
  A water moccasin zombie (D:4)
  A scorpion (D:4)
  6 crimson imps
  A jelly (D:5)
  2 orc priests
  A hound (D:6)
  2 orc wizards
  4 worker ants
  4 gnolls
  An adder (D:5)
  A shadow imp (D:5)
  An adder zombie (D:3)
  2 adder skeletons
  3 dart slugs
  7 giant geckos
  18 orcs
  9 bats
  2 giant cockroaches
  11 hobgoblins
  25 jackals
  A quokka (D:3)
  4 ball pythons
  3 giant newts
  6 goblins
  10 kobolds
  A quokka skeleton (D:4)
  4 rats
135 creatures vanquished.

Vanquished Creatures (others)
  2 rats (D:1)
2 creatures vanquished.

Grand Total: 137 creatures vanquished

Notes
Turn   | Place    | Note
--------------------------------------------------------------
     0 | D:1      | khekkus the Minotaur Fighter began the quest for the Orb.
     0 | D:1      | Reached XP level 1. HP: 19/19 MP: 0/0
   296 | D:1      | Reached skill level 3 in Long Blades
   308 | D:1      | Reached XP level 2. HP: 11/26 MP: 1/1
   647 | D:1      | Reached skill level 4 in Long Blades
   810 | D:2      | Reached XP level 3. HP: 31/31 MP: 2/2
  1605 | D:3      | Reached skill level 5 in Long Blades
  1833 | D:3      | Reached XP level 4. HP: 37/39 MP: 3/3
  2210 | D:3      | Found a basalt altar of Yredelemnul.
  2210 | D:3      | Found a shimmering altar of Xom.
  2213 | D:3      | Found a snail-covered altar of Cheibriados.
  2214 | D:3      | Found a glowing golden altar of the Shining One.
  2215 | D:3      | Found a glowing silver altar of Zin.
  2764 | D:4      | Reached skill level 6 in Long Blades
  2764 | D:4      | Reached XP level 5. HP: 31/45 MP: 4/4
  3189 | D:4      | Reached skill level 7 in Long Blades
  3313 | D:4      | Reached XP level 6. HP: 46/51 MP: 5/5
  3570 | D:4      | Found a blossoming altar of Fedhas.
  4146 | D:5      | Entered Level 5 of the Dungeon
  4151 | D:5      | Reached skill level 8 in Long Blades
  4334 | D:5      | Reached skill level 5 in Shields
  4506 | D:5      | Reached XP level 7. HP: 41/57 MP: 6/6
  4518 | D:5      | Got a dull robe
  4529 | D:5      | Identified the +1 robe of the Mutiny {*Corrode Regen+ Str+4 SInv} (You found it on level 5 of the Dungeon)
  4731 | D:5      | HP: 1/57 [sky beast (5)]
  4736 | D:5      | Reached skill level 9 in Long Blades
  5341 | D:5      | Found a staircase to the Ecumenical Temple.
  5347 | Temple   | Entered the Ecumenical Temple
  5356 | Temple   | Became a worshipper of Warmaster Okawaru
  5469 | D:6      | Reached skill level 10 in Long Blades
  5489 | D:6      | Reached XP level 8. HP: 48/64 MP: 7/7
  5616 | D:6      | Noticed Eustachio
  5617 | D:6      | Reached * piety under Okawaru
  5626 | D:6      | Slain by an orc warrior

Vault maps used:
D:1:      saegor_arrival_miasma
D:2:      first_bread, lightli_corner_chamber
D:3:      minitemple
D:4:      fedhas_altar_fruit_tree, roderic_filled_cross
D:5:      minmay_temple_entry_trees, hex_tiny
D:6:      uniq_eustachio
Temple:   circular_temple_12

Skill      XL: |  1  2  3  4  5  6  7 |
---------------+----------------------+-----
Long Blades    | 3 4 5 6 7 8 10 | 10.3
Shields        | 4 5 6 |  6.7
Fighting       | |  3.6
Armour         | |  3.6

Action                   |  1- 3 |  4- 6 |  7- 9 || total
-------------------------+-------+-------+-------++-------
Melee: Long sword        |   130 |   183 |   129 ||   442
       Headbutt          |    14 |    31 |    18 ||    63
  Use: Scroll            |       |    12 |       ||    12
       Potion            |       |     5 |     3 ||     8
  Eat: Chunk             |     3 |     7 |     4 ||    14
       Beef jerky        |       |     1 |       ||     1
Armor: Scale mail        |    58 |    59 |    27 ||   144
Dodge: Dodged            |    49 |    49 |    21 ||   119
Block: Shield            |    70 |    96 |    60 ||   226
